 Dungeon Crawl Stone Soup version 0.31-a0-1074-g0b22e4e0f1 (webtiles) character file.

Game seed: 8160207602033695176

9 croobank the Sneak (level 1, -4/18 HPs)
             Began as a Demigod Delver on Dec 3, 2023.
             Slain by an orc
             ... wielding a +0 war axe
              (10 damage)
             ... on level 5 of the Dungeon.
             The game lasted 00:01:28 (255 turns).

croobank the Sneak (Demigod Delver)                  Turns: 255, Time: 00:01:29

Health: -4/18      AC:  3    Str: 13    XL:     1   Next: 86%
Magic:  3/3        EV: 12    Int: 12    God:
Gold:   19         SH:  0    Dex: 15    Spells: 0/0 levels left

rFire   . . .        a - +0 short sword
rCold   . . .        (no shield)
rNeg    . . .        b - +0 leather armour
rPois   .            (no helmet)
rElec   .            (no cloak)
rCorr   .            (no gloves)
SInv    .            (no boots)
Will    .....        (no amulet)
Stlth   +++          (no ring)
HPRegen 0.23/turn    (no ring)
MPRegen 0.08/turn

%: no passive effects
@: no status effects
A: high MP 1, forlorn, divine attributes
a: no special abilities


You were on level 5 of the Dungeon.
You visited 1 branch of the dungeon, and saw 2 of its levels.

You collected 19 gold pieces.

Inventory:

Hand Weapons
 a - a +0 short sword (weapon)
Armour
 b - a +0 leather armour (worn)
Talismans
 h - a blade talisman
Wands
 g - a wand of digging (2)
 i - a wand of roots (9)
Scrolls
 c - a scroll of fog
 d - a scroll of revelation
 e - a scroll of fear
Potions
 f - a potion of haste
 j - a potion of ambrosia {unknown}


   Skills:
 + Level 2.8 Fighting
 + Level 2.0 Short Blades
 + Level 2.0 Dodging
 + Level 4.6 Stealth


You couldn't memorise any spells.
You didn't know any spells.
Your spell library was empty.

Dungeon Overview and Level Annotations

Branches:
Dungeon (6/15)
 Temple: D:4-7


Innate Abilities, Weirdness & Mutations

You have an increased reservoir of magic. (+10% MP)
You shall have no god before yourself.
Your divine heritage dramatically boosts your attributes as you level up.


Message History

An ogre is nearby!
Found 19 gold pieces.
Found a lead wand.
i - a wand of roots (9)
You now have 19 gold pieces.
Aiming: Dig
Press: ? - help, Shift-Dir - straight line You can't see that place.
The rock shatters into small pieces.
An adder comes into view.
Found a purple potion.
You see here a purple potion.
You catch the helpless adder completely off-guard!
You puncture the adder!
You kill the adder!
Your Short Blades skill increases to level 2!
Your Dodging skill increases to level 2!
j - a purple potion You hear the slow hiss of a distant avalanche of sand.
Found a stone staircase leading down.
You open the door.
An orc comes into view. It is wielding a +0 war axe.
Found a scroll of fear.
Found a short sword.
The orc shouts!
You hear a shout! x2
There is an open door here.
The orc hits you with a +0 war axe!
You hit the orc.
The orc is severely wounded.
The orc hits you with a +0 war axe.
You are too injured to fight recklessly!
You are too injured to fight recklessly!
You are too injured to fight recklessly!
You are too injured to fight recklessly!
You are too injured to fight recklessly!
You closely miss the orc.
The orc is severely wounded.
The orc hits you with a +0 war axe!
Ouch! That really hurt!
You die...

****,***** *,*,* *
#.,...,,,***,*,**** *
***.##.##*,,,,,,,,,,* *
*,,.....#*****,*,**,* *
*********,*,....,,,,,,,*,**,* *
*,,,,,,,,<,,#...********,**,***
*,******#.###..#* *,,8,,,, *,*
#....?o# *,,,,,** *,* *****#@#
**8,∩,8* ***,**** ##'## *,,,,,,*
,,,,,,,* ####...## *,,,8,,*
,**,**,****#.......## *,*,**,*
,**,,*,,,,...#......## *,,,,,,*
,,,,,*~,,..)~#.>.....#***,,,*****
****,*~~,..~~#.......+,,,,,,,,,,,
****~~#~~##.......#***,,,*****
***,,,*#.......## **,,*


You could see an orc.

Vanquished Creatures
  An adder (D:5)
1 creature vanquished.

Notes
Turn   | Place    | Note
-------+----------+-------------------------------------------
     0 | D:5      | croobank the Demigod Delver began the quest for the Orb.
     0 | D:5      | Reached XP level 1. HP: 18/18 MP: 3/3
    35 | D:5      | Noticed a centaur
   203 | D:5      | Noticed an ogre
   255 | D:5      | Slain by an orc

Illustrated notes

Levels and vault maps discovered:
D:5:      nicolae_cairo_tiling, layout_loops_corners,
          nicolae_ossuary_entry_monument, kennysheep_nub
D:6:      nicolae_cairo_tiling_very_big, layout_cave_pools,
          nicolae_hepliaklqana_hazy_memory, portal_sewer_entry_e,
          columned_hall_lemuel, nicolae_wand_duel,
          corexii_item_surrounded_by_moat, hangedman_decor_riveting,
          uniq_eustachio

Skill      XL: |  1 |
---------------+----+-----
Short Blades   | 2 |  2.0
Dodging        | 2 |  2.0
Fighting       | |  2.8
Stealth        | |  4.6

Action                     || total
---------------------------++-------
  Melee: Short sword       ||     3
  Evoke: Wand              ||     1
    Use: Scroll            ||     1
   Stab: Distracted        ||     1
 Armour: Leather armour    ||     5
  Dodge: Dodged            ||     1

Table legend: (Time is in decaauts)
 A = Elapsed time spent in this place.
 B = Non-inter-level travel time spent in this place.
 C = Inter-level travel time spent in this place.
 D = Time resting spent in this place.
 E = Time spent auto-exploring this place.
 F = Levels seen in this place.
 G = Mean time per level.
                   A        B        C        D        E       F      G
               +--------+--------+--------+--------+--------+-----+--------+
         Total |    255 |    255 |      0 |    157 |      0 |   2 |  127.5 |
       Dungeon |    255 |    255 |      0 |    157 |      0 |   2 |  127.5 |
               +--------+--------+--------+--------+--------+-----+--------+

Top non-repeatable levels by time:
     D:5: 191 daAuts
     D:6: 64 daAuts
